[Event "2nd Gujarat Open 2019"]
[Site "Ahmedabad, Gujarat"]
[Date "2019.09.28"]
[Round "9.17"]
[White "Kishan, Gangolli"]
[Black "Murshed, Niaz"]
[Result "0-1"]
[ECO "A42"]
[WhiteElo "2089"]
[BlackElo "2405"]
[Annotator "ChessBase"]
[PlyCount "44"]
[EventDate "2019.09.22"]
[EventType "swiss"]
[EventCountry "IND"]
[SourceTitle "playchess.com"]
[Source "ChessBase"]
[SourceQuality "1"]
[TimeControl "5400+30"]

1. d4 g6 2. c4 Bg7 3. Nc3 d6 4. e4 Nc6 5. Be3 e5 6. Nge2 exd4 7. Nxd4 Nge7 8. g3 O-O 9. Bg2 Ne5 10. Qe2 c5 11. Nc2 Be6 12. Nd5 b5 13. cxb5 Nxd5 14. exd5 Bf5 15. Rd1 Qa5+ 16. Qd2 Qxb5 17. Na3 Qa6 18. Qe2 Bd3 19. Qd2 Rab8 20. b3 Qxa3 21. f4 Ng4 22. Qxd3 Nxe3 0-1

[Event "2nd Gujarat Open 2019"]
[Site "Ahmedabad, Gujarat"]
[Date "2019.09.28"]
[Round "9.18"]
[White "Nitin, S.."]
[Black "Kavinda, Akila"]
[Result "0-1"]
[ECO "B29"]
[WhiteElo "2361"]
[BlackElo "2029"]
[Annotator "NA"]
[PlyCount "108"]
[EventDate "2019.09.22"]
[EventType "swiss"]
[EventCountry "IND"]
[SourceTitle "playchess.com"]
[Source "ChessBase"]
[SourceQuality "1"]
[TimeControl "5400+30"]

1. e4 c5 2. Nf3 Nf6 3. d3 Nc6 4. g3 d5 5. Nbd2 Bg4 6. Bg2 e6 7. O-O Be7 8. h3 Bh5 9. c3 O-O 10. g4 Bg6 11. Nh4 dxe4 12. Nxg6 hxg6 13. dxe4 g5 14. Nc4 Nd7 15. f4 gxf4 16. Bxf4 b5 17. e5 Rc8 18. Nd6 Bxd6 19. exd6 c4 20. g5 Qb6+ 21. Kh1 Nce5 22. Qh5 Ng6 23. Bg3 Nde5 24. Rad1 Nd3 25. Rxf7 Rxf7 26. Qxg6 Qe3 27. Kh2 Nf4 28. Bxf4 Qxf4+ 29. Kh1 Qf5 30. Qh5 g6 31. Qh4 Qc2 32. Qg4 Qf5 33. Qh4 Qc2 34. Re1 Rcf8 35. Qg4 Kh7 36. d7 Rxd7 37. Be4 Qd2 38. Qh5+ Kg8 39. Qxg6+ Kh8 40. Qh6+ Kg8 41. Qxe6+ Kh8 42. Bg2 Qd6 43. Qg4 Re7 44. Rd1 Qf4 45. Qxf4 Rxf4 46. Kh2 Re3 47. Rd7 Rf2 48. Rd4 Ree2 49. Rg4 Rxb2 50. a3 a5 51. g6 Rxg2+ 52. Rxg2 Rxg2+ 53. Kxg2 b4 54. cxb4 c3 0-1

[Event "2nd Gujarat Open 2019"]
[Site "Ahmedabad, Gujarat"]
[Date "2019.09.28"]
[Round "9.19"]
[White "Ziatdinov, Raset"]
[Black "Anadkat Kartavya"]
[Result "1/2-1/2"]
[ECO "C21"]
[WhiteElo "2222"]
[BlackElo "2088"]
[Annotator "NA"]
[PlyCount "138"]
[EventDate "2019.09.22"]
[EventType "swiss"]
[EventCountry "IND"]
[SourceTitle "playchess.com"]
[Source "ChessBase"]
[SourceQuality "1"]
[TimeControl "5400+30"]

1. e4 e5 2. d4 exd4 3. c3 dxc3 4. Bc4 cxb2 5. Bxb2 d5 6. Bxd5 Nf6 7. Bxf7+ Kxf7 8. Qxd8 Bb4+ 9. Qd2 Bxd2+ 10. Nxd2 Re8 11. f3 b6 12. g4 Ba6 13. g5 Nd5 14. Kf2 Nf4 15. Kg3 Nd3 16. Bc3 b5 17. a3 c5 18. Ne2 Nc6 19. Rhb1 Rab8 20. Nf4 Nxf4 21. Kxf4 Red8 22. Nb3 Rd3 23. Nxc5 Rxc3 24. Nxa6 Rf8 25. Rxb5 Nd4 26. Rb8 Rxf3+ 27. Kg4 Rxb8 28. Nxb8 Re3 29. Kf4 Rb3 30. Nd7 Ke7 31. Nc5 Rc3 32. Na4 Rc4 33. Nb2 Rc2 34. Nd3 Rxh2 35. Rb1 Rh4+ 36. Ke5 Nf3+ 37. Kd5 Nxg5 38. Rb7+ Kf8 39. Nc5 a5 40. e5 Rh1 41. Ne6+ Nxe6 42. Kxe6 g5 43. Kf6 Rf1+ 44. Kxg5 Rf7 45. Rb5 Ke7 46. Rb6 Rf3 47. a4 Ra3 48. Kf5 Rxa4 49. Rb7+ Kd8 50. Rxh7 Rb4 51. Kf6 Rf4+ 52. Ke6 a4 53. Ra7 Rh4 54. Ra8+ Kc7 55. Kf6 Rf4+ 56. Ke7 Kb7 57. Rh8 Kb6 58. e6 Kb5 59. Kd6 Rd4+ 60. Ke5 Rd2 61. Rb8+ Kc4 62. e7 Re2+ 63. Kd6 a3 64. e8=Q Rxe8 65. Rxe8 a2 66. Re1 Kb3 67. Kc5 Kb2 68. Kb4 a1=Q 69. Rxa1 Kxa1 1/2-1/2

[Event "2nd Gujarat Open 2019"]
[Site "Ahmedabad, Gujarat"]
[Date "2019.09.28"]
[Round "9.20"]
[White "Deshmukh, Anup"]
[Black "Satkar, Chirag"]
[Result "0-1"]
[ECO "A15"]
[WhiteElo "2193"]
[BlackElo "2052"]
[Annotator "NA"]
[PlyCount "134"]
[EventDate "2019.09.22"]
[EventType "swiss"]
[EventCountry "IND"]
[SourceTitle "playchess.com"]
[Source "ChessBase"]
[SourceQuality "1"]
[TimeControl "5400+30"]

1. c4 Nf6 2. Nf3 g6 3. b3 Bg7 4. Bb2 O-O 5. h4 d6 6. d3 e5 7. Nbd2 a5 8. Rb1 Na6 9. g3 Nh5 10. d4 Qe7 11. e3 Bf5 12. dxe5 dxe5 13. e4 Bg4 14. Be2 Rfd8 15. Ng5 Bxe2 16. Qxe2 Nb4 17. O-O Nxa2 18. Ra1 Nb4 19. Ba3 Bf6 20. Ngf3 Ng7 21. Kg2 Qd7 22. Bxb4 axb4 23. Qe3 Ne6 24. Rxa8 Rxa8 25. h5 Bg7 26. Nh2 Rd8 27. Ndf3 Qd3 28. Qe1 Qxb3 29. Ng4 Qxc4 30. h6 Bh8 31. Qb1 c5 32. Rd1 Nd4 33. Rc1 Qe6 34. Ne3 b6 35. Rd1 Bf6 36. Qa1 Qc6 37. Ng4 Qe6 38. Nfh2 c4 39. Qa4 Be7 40. Ne3 b5 41. Qa7 Qd7 42. Qa5 Qb7 43. Nd5 Rxd5 44. exd5 Qxd5+ 45. f3 c3 46. Ra1 f5 47. Qc7 Kf7 48. Qb8 Ne6 49. Qh8 Qd2+ 50. Kh1 Qxh6 51. Qxe5 Qd2 52. Re1 Qd7 53. Qh8 Nf8 54. Qe5 h5 55. Nf1 Ne6 56. Ne3 Bf6 57. Qb8 Qd2 58. Qa7+ Be7 59. Rg1 Qd4 60. Qxd4 Nxd4 61. Rc1 Nxf3 62. Kg2 Nd4 63. Nd5 c2 64. Ra1 Nb3 65. Ra7 c1=Q 66. Rxe7+ Kf8 67. Rd7 Qc6 0-1

[Event "2nd Gujarat Open 2019"]
[Site "Ahmedabad, Gujarat"]
[Date "2019.09.28"]
[Round "9.21"]
[White "Patil, Pratik"]
[Black "Saranya, Y."]
[Result "1/2-1/2"]
[ECO "B35"]
[WhiteElo "2187"]
[BlackElo "1974"]
[Annotator "NA"]
[PlyCount "127"]
[EventDate "2019.09.22"]
[EventType "swiss"]
[EventCountry "IND"]
[SourceTitle "playchess.com"]
[Source "ChessBase"]
[SourceQuality "1"]
[TimeControl "5400+30"]

1. e4 c5 2. Nf3 Nc6 3. d4 cxd4 4. Nxd4 g6 5. Nc3 Bg7 6. Be3 Nf6 7. Bc4 Qa5 8. O-O O-O 9. Bb3 d6 10. h3 Bd7 11. Re1 Rfc8 12. Qd2 Nxd4 13. Bxd4 Bc6 14. e5 dxe5 15. Rxe5 Qc7 16. Rae1 Re8 17. Qe3 e6 18. Rg5 Nd5 19. Qd2 Bxd4 20. Qxd4 Nxc3 21. Qxc3 Rad8 22. h4 Qf4 23. Qg3 Qf6 24. Qe5 Kg7 25. h5 Qxe5 26. Rgxe5 Rd2 27. hxg6 hxg6 28. R5e2 Rd4 29. f3 Red8 30. Kf2 Bb5 31. Re5 a6 32. Rc5 Rd2+ 33. Kg3 R8d7 34. Rc8 Bc6 35. Re3 Bb5 36. Re1 Bc6 37. Re3 a5 38. a4 R2d4 39. Ra8 b6 40. Rb8 Rb4 41. Rc3 Rd6 42. Kf2 Bxa4 43. Bxa4 Rxa4 44. Rc7 e5 45. Re7 Rd2+ 46. Kg3 Rxc2 47. Rxb6 Rb4 48. Rxb4 axb4 49. Rxe5 Rxb2 50. Rb5 b3 51. Rb6 Rb1 52. Kf4 Kf8 53. Rb7 Ke8 54. Kg5 Rb2 55. Kf6 Rxg2 56. Rb8+ Kd7 57. Rxb3 Kd6 58. Rd3+ Kc5 59. Kxf7 Kc4 60. Ra3 Kd4 61. Kf6 Rg3 62. Rb3 Rg1 63. Ra3 Rg3 64. Rb3 1/2-1/2

[Event "2nd Gujarat Open 2019"]
[Site "Ahmedabad, Gujarat"]
[Date "2019.09.28"]
[Round "9.22"]
[White "Anusha N L V"]
[Black "Mehdi Hasan Parag"]
[Result "0-1"]
[ECO "A06"]
[WhiteElo "2081"]
[BlackElo "2183"]
[Annotator "NA"]
[PlyCount "94"]
[EventDate "2019.09.22"]
[EventType "swiss"]
[EventCountry "IND"]
[SourceTitle "playchess.com"]
[Source "ChessBase"]
[SourceQuality "1"]
[TimeControl "5400+30"]

1. Nf3 d5 2. c4 Nf6 3. b3 c6 4. g3 g6 5. Bg2 Bg7 6. Bb2 O-O 7. O-O a5 8. d3 a4 9. Nbd2 a3 10. Bc3 Re8 11. Qc2 Nbd7 12. d4 Nb6 13. Nh4 dxc4 14. bxc4 Na4 15. Nb3 Nxc3 16. Qxc3 Qc7 17. f4 Nd7 18. Rac1 c5 19. e3 Ra6 20. Qc2 Re6 21. Rfe1 cxd4 22. exd4 Nf8 23. d5 Rxe1+ 24. Rxe1 Nd7 25. Nf3 Nb6 26. Nfd2 Bf5 27. Be4 Bxe4 28. Qxe4 Na4 29. Kg2 Nc3 30. Qd3 Nxa2 31. c5 Rd8 32. Nc4 Nb4 33. Qe4 Nxd5 34. Nxa3 Qc6 35. Kg1 e6 36. Nc4 Qb5 37. Qd3 Bf6 38. Ne5 Qb4 39. Re4 Qa3 40. Nc4 Qa7 41. Qf3 Nc3 42. Re1 Na4 43. Kh1 Nxc5 44. Qe3 b6 45. Nxc5 bxc5 46. Ne5 Qb7+ 47. Kg1 Qd5 0-1

[Event "2nd Gujarat Open 2019"]
[Site "Ahmedabad, Gujarat"]
[Date "2019.09.28"]
[Round "9.23"]
[White "Katdare, Jayant C"]
[Black "Chokshi, Manthan J."]
[Result "1/2-1/2"]
[ECO "A40"]
[WhiteElo "2046"]
[BlackElo "2170"]
[Annotator "NA"]
[PlyCount "115"]
[EventDate "2019.09.22"]
[EventType "swiss"]
[EventCountry "IND"]
[SourceTitle "playchess.com"]
[Source "ChessBase"]
[SourceQuality "1"]
[TimeControl "5400+30"]

1. d4 g6 2. c4 Bg7 3. Nf3 c5 4. e3 Na6 5. Be2 Nf6 6. Nc3 O-O 7. O-O cxd4 8. exd4 d6 9. Bf4 Bd7 10. Qd2 Re8 11. Rfd1 Rc8 12. a3 Be6 13. d5 Bg4 14. Nd4 Bxe2 15. Qxe2 Nc5 16. b4 Ncd7 17. Na4 Nb6 18. Nxb6 Qxb6 19. Be3 Qc7 20. Rac1 Qd7 21. h3 Qa4 22. Nb5 a6 23. Na7 Ra8 24. Qd3 Nd7 25. Rb1 Ne5 26. Qe2 Qxa3 27. b5 axb5 28. Ra1 Nf3+ 29. Qxf3 Bxa1 30. Nxb5 Qa5 31. Bd2 Qd8 32. h4 Bf6 33. h5 Ra1 34. Rxa1 Bxa1 35. Bc3 Bxc3 36. Qxc3 Qd7 37. h6 f6 38. Qe3 Rc8 39. Qe4 Kf7 40. g4 Rc5 41. Qe2 Qc8 42. Na7 Qa8 43. Qe6+ Kf8 44. Qd7 Qxa7 45. Qd8+ Kf7 46. Qh8 Qa1+ 47. Kg2 Rxc4 48. Qxh7+ Ke8 49. Qxg6+ Kd7 50. h7 Qd1 51. Qf5+ Kc7 52. h8=Q Rxg4+ 53. Kh3 Qh1+ 54. Kxg4 Qh5+ {[%emt 0:00:38] Qhh7 Qxh7 Qd3 Qh8 Qc2+ Kd8 Qb3 Kc7 Qc4+ Kb8 Qb5 Qc8+} 55. Kf4 {[%emt 0:00:38] Kc7} Qe2 {[%emt 0:00:25] Kd8} 56. f3 {[%emt 0:00:04] Qc1+ Ke4 Qb1+ Kf4 Qb4+ Kf5 Qd4} Qb5 {[%emt 0:00:00] Qe3 Qxb7 Qxf3+ Ke6 Qh3+ Kf7 Qh5+ Ke6} 57. Qg4 {[%emt 0:00:00] Kf7} Qd7 58. Qa8 {[%emt 0:00:00] Kc7 Qa7+ Kc8 Qa8+ Kc7 Qa7+} 1/2-1/2

[Event "2nd Gujarat Open 2019"]
[Site "Ahmedabad, Gujarat"]
[Date "2019.09.28"]
[Round "9.24"]
[White "Sri Sai Baswanth P"]
[Black "Joshi, Govind Ballabh"]
[Result "1/2-1/2"]
[ECO "A37"]
[WhiteElo "2013"]
[BlackElo "2118"]
[Annotator "NA"]
[PlyCount "88"]
[EventDate "2019.09.22"]
[EventType "swiss"]
[EventCountry "IND"]
[SourceTitle "playchess.com"]
[Source "ChessBase"]
[SourceQuality "1"]
[TimeControl "5400+30"]

1. c4 c5 2. g3 Nc6 3. Bg2 g6 4. Nc3 Bg7 5. Nf3 e5 6. d3 Nge7 7. O-O O-O 8. Ne1 d6 9. Nc2 Be6 10. Ne3 Rb8 11. Ned5 h6 12. Bd2 a6 13. a4 a5 14. Nb5 Nb4 15. Bxb4 axb4 16. Ndc7 Bd7 17. a5 Rc8 18. Nd5 Nxd5 19. Bxd5 Bc6 20. a6 Bxd5 21. cxd5 Qb6 22. axb7 Rb8 23. Na7 e4 24. Qb3 exd3 25. exd3 Qxb7 26. Nc6 Ra8 27. Na5 Qa6 28. Ra4 Rfe8 29. Rfa1 Qc8 30. Nc4 Rxa4 31. Qxa4 Re2 32. Qa8 Qxa8 33. Rxa8+ Kh7 34. Kf1 Rc2 35. Nxd6 Bxb2 36. Nc4 Bf6 37. Rb8 Rc3 38. Ke2 b3 39. Ne3 c4 40. dxc4 b2 41. Nd1 Rxc4 42. Kd3 Rd4+ 43. Ke2 Rc4 44. Kd3 Rd4+ 1/2-1/2

[Event "2nd Gujarat Open 2019"]
[Site "Ahmedabad, Gujarat"]
[Date "2019.09.28"]
[Round "9.25"]
[White "Bhatt, Jalpan"]
[Black "Kiran, Manisha Mohanty"]
[Result "0-1"]
[ECO "A48"]
[WhiteElo "2001"]
[BlackElo "2102"]
[Annotator "NA"]
[PlyCount "116"]
[EventDate "2019.09.22"]
[EventType "swiss"]
[EventCountry "IND"]
[SourceTitle "playchess.com"]
[Source "ChessBase"]
[SourceQuality "1"]
[TimeControl "5400+30"]

1. d4 Nf6 2. Nf3 g6 3. c4 Bg7 4. Nc3 d5 5. h4 dxc4 6. e4 c5 7. d5 Bg4 8. Bxc4 Nbd7 9. Qb3 Nb6 10. e5 Nfd7 11. e6 fxe6 12. dxe6 Nb8 13. Be3 Nc6 14. Bxc5 O-O 15. Rd1 Qc8 16. Bxb6 axb6 17. Nd5 b5 18. Qxb5 Qb8 19. Rd3 Bxf3 20. Rxf3 Rxf3 21. gxf3 Qe5+ 22. Ne3 Qxb5 23. Bxb5 Rxa2 24. Bxc6 Ra1+ 25. Nd1 bxc6 26. h5 Bxb2 27. hxg6 hxg6 28. Rg1 Kg7 29. Rg5 Bd4 30. Rg4 c5 31. Ke2 Ra2+ 32. Kd3 Kf6 33. Ne3 Ra3+ 34. Kd2 Kxe6 35. Rxg6+ Kd7 36. f4 Ra2+ 37. Ke1 Ra4 38. Ke2 c4 39. Rg1 Kc6 40. Rg6+ Kb5 41. Re6 Ra2+ 42. Kf3 Bc5 43. Nd1 Kb4 44. Rc6 Rd2 45. Ne3 c3 46. f5 c2 47. Nxc2+ Rxc2 48. Ke4 Rxf2 49. Ke5 Kb5 50. Re6 Kc4 51. Rc6 Re2+ 52. Kf4 Kd5 53. Ra6 Rf2+ 54. Kg5 Rg2+ 55. Kf4 Bd6+ 56. Kf3 Rg3+ 57. Kf2 Rg5 58. f6 Rf5+ 0-1

[Event "2nd Gujarat Open 2019"]
[Site "Ahmedabad, Gujarat"]
[Date "2019.09.28"]
[Round "9.26"]
[White "Thanki, Hemal Karsanji"]
[Black "Samal Ansuman"]
[Result "1-0"]
[ECO "E99"]
[WhiteElo "2098"]
[BlackElo "1847"]
[Annotator "NA"]
[PlyCount "57"]
[EventDate "2019.09.22"]
[EventType "swiss"]
[EventCountry "IND"]
[SourceTitle "playchess.com"]
[Source "ChessBase"]
[SourceQuality "1"]
[TimeControl "5400+30"]

1. d4 Nf6 2. c4 g6 3. Nc3 Bg7 4. e4 O-O 5. Nf3 d6 6. Be2 e5 7. O-O Nc6 8. d5 Ne7 9. Ne1 Nd7 10. f3 f5 11. Be3 f4 12. Bf2 g5 13. Rc1 Rf6 14. Nd3 Rh6 15. c5 Qe8 16. Nb5 Qh5 17. h4 Ng6 18. g4 fxg3 19. Bxg3 Nf4 20. Nxc7 Rg6 21. Kh1 Nf6 22. Nxa8 Nxe4 23. Be1 Bh3 24. Nxf4 gxf4 25. fxe4 Bg2+ 26. Kh2 f3 27. Bxf3 Bxf3 28. Qxf3 Rg4 29. cxd6 1-0

[Event "2nd Gujarat Open 2019"]
[Site "Ahmedabad, Gujarat"]
[Date "2019.09.28"]
[Round "9.27"]
[White "Kadam Om Manish"]
[Black "Jay Kundaliya"]
[Result "1-0"]
[ECO "B91"]
[WhiteElo "1930"]
[BlackElo "2097"]
[Annotator "NA"]
[PlyCount "91"]
[EventDate "2019.09.22"]
[EventType "swiss"]
[EventCountry "IND"]
[SourceTitle "playchess.com"]
[Source "ChessBase"]
[SourceQuality "1"]
[TimeControl "5400+30"]

1. e4 c5 2. Nf3 d6 3. d4 cxd4 4. Nxd4 Nf6 5. Nc3 a6 6. g3 e5 7. Nde2 Be7 8. Bg2 Be6 9. O-O h5 10. h3 Qc8 11. Kh2 Nbd7 12. a4 g6 13. Be3 Kf8 14. f4 h4 15. f5 hxg3+ 16. Nxg3 Bc4 17. Rf2 Kg7 18. Qf3 d5 19. exd5 e4 20. Qf4 Qb8 21. Qxb8 Raxb8 22. Kg1 Nxd5 23. Bd4+ Bf6 24. Bxf6+ N5xf6 25. b3 Bd5 26. fxg6 fxg6 27. Nxd5 Nxd5 28. Bxe4 N7f6 29. Bg2 Ne3 30. Re1 Rhe8 31. Rxf6 Kxf6 32. Ne4+ Rxe4 33. Bxe4 Nf5 34. Kf2 a5 35. Bd5 b5 36. Re6+ Kg5 37. b4 bxa4 38. bxa5 Rb5 39. Ba2 Rb2 40. a6 Rxa2 41. Rc6 Rb2 42. a7 a3 43. a8=Q a2 44. Qd8+ Kf4 45. Rc4+ Ke5 46. Qh8+ 1-0

[Event "2nd Gujarat Open 2019"]
[Site "Ahmedabad, Gujarat"]
[Date "2019.09.28"]
[Round "9.28"]
[White "Souhardo Basak"]
[Black "Kanishk S K"]
[Result "1/2-1/2"]
[ECO "B90"]
[WhiteElo "2301"]
[BlackElo "2001"]
[Annotator "NA"]
[PlyCount "94"]
[EventDate "2019.09.22"]
[EventType "swiss"]
[EventCountry "IND"]
[SourceTitle "playchess.com"]
[Source "ChessBase"]
[SourceQuality "1"]
[TimeControl "5400+30"]

1. e4 c5 2. Nf3 d6 3. d4 cxd4 4. Nxd4 Nf6 5. Nc3 a6 6. Be3 e5 7. Nb3 Be6 8. Be2 Be7 9. O-O O-O 10. f4 exf4 11. Bxf4 Nc6 12. Qe1 b5 13. Rd1 b4 14. Nd5 Nxe4 15. Nxe7+ Qxe7 16. Bf3 Bf5 17. Bxd6 Qa7+ 18. Kh1 Rfe8 19. Qh4 g5 20. Qh5 Bg6 21. Qh6 Nf2+ 22. Rxf2 Qxf2 23. Bg3 Qb6 24. h4 gxh4 25. Bxh4 Rad8 26. Bxd8 Rxd8 27. Rxd8+ Nxd8 28. Qd2 Ne6 29. c4 bxc3 30. Qxc3 Qf2 31. Qd2 Qg3 32. Bb7 Qh4+ 33. Kg1 Qa4 34. Qa5 Qf4 35. Qc3 Qd6 36. Qc6 Qd1+ 37. Kf2 a5 38. Qc8+ Kg7 39. Qc3+ Kg8 40. Nxa5 Qd6 41. Nc4 Qf4+ 42. Kg1 Nc5 43. Bf3 Nd3 44. a4 Qh4 45. Nd2 Qf2+ 46. Kh2 Qh4+ 47. Kg1 Qf2+ 1/2-1/2

[Event "2nd Gujarat Open 2019"]
[Site "Ahmedabad, Gujarat"]
[Date "2019.09.28"]
[Round "9.29"]
[White "Arun Rathee"]
[Black "Srija, Seshadri"]
[Result "0-1"]
[ECO "A09"]
[WhiteElo "1959"]
[BlackElo "2270"]
[Annotator "NA"]
[PlyCount "148"]
[EventDate "2019.09.22"]
[EventType "swiss"]
[EventCountry "IND"]
[SourceTitle "playchess.com"]
[Source "ChessBase"]
[SourceQuality "1"]
[TimeControl "5400+30"]

1. Nf3 d5 2. c4 d4 3. g3 c5 4. b4 cxb4 5. a3 b3 6. Qxb3 Nc6 7. Bg2 e5 8. d3 Bd6 9. O-O Nge7 10. Nbd2 O-O 11. Ne4 Bc7 12. a4 Ng6 13. Ba3 Re8 14. c5 Na5 15. Qb2 Be6 16. Nfd2 Rb8 17. Nd6 Bxd6 18. cxd6 Bd7 19. Rfc1 Bc6 20. Nc4 Bxg2 21. Kxg2 Nc6 22. Rab1 Re6 23. Nd2 Qd7 24. Ne4 Ree8 25. h3 Nf8 26. Qb5 Ne6 27. a5 f5 28. Nc5 Nxc5 29. Qxc5 a6 30. Qb6 Kf7 31. Qc7 Ke6 32. Kh2 Rec8 33. Qb6 Qe8 34. Rc2 Kd7 35. Rbc1 f4 36. Kg2 Qf7 37. g4 h5 38. f3 Qf6 39. Qb3 hxg4 40. fxg4 Qe6 41. Qxe6+ Kxe6 42. h4 Rh8 43. Rh1 Rbc8 44. Rc5 Na7 45. h5 Nb5 46. Bb4 Nxd6 47. Rhc1 Rxc5 48. Rxc5 Nb5 49. Kh3 g6 50. Kh4 gxh5 51. gxh5 Rg8 52. Kh3 Rg3+ 53. Kh2 Rg5 54. Rc8 Rxh5+ 55. Kg2 Kd7 56. Rb8 Kc7 57. Re8 Nc3 58. Re7+ Kc6 59. Re6+ Kd7 60. Re7+ Kc8 61. Re8+ Kc7 62. Re7+ Kc6 63. Re6+ Kb5 64. Rb6+ Ka4 65. Rxb7 Nxe2 66. Bd6 Kxa5 67. Kf3 Nc1 68. Ke4 f3 69. Kxf3 Nxd3 70. Ke4 Nf2+ 71. Kd5 d3 72. Kc4 d2 73. Rb2 Rh4+ 74. Kd5 d1=Q+ 0-1

[Event "2nd Gujarat Open 2019"]
[Site "Ahmedabad, Gujarat"]
[Date "2019.09.28"]
[Round "9.30"]
[White "Alan Diviya Raj"]
[Black "Nayak Rajesh"]
[Result "1-0"]
[ECO "B00"]
[WhiteElo "1943"]
[BlackElo "2227"]
[Annotator "NA"]
[PlyCount "105"]
[EventDate "2019.09.22"]
[EventType "swiss"]
[EventCountry "IND"]
[SourceTitle "playchess.com"]
[Source "ChessBase"]
[SourceQuality "1"]
[TimeControl "5400+30"]

1. e4 d6 2. d4 e5 3. dxe5 dxe5 4. Qxd8+ Kxd8 5. Bc4 f6 6. Nc3 Bc5 7. f4 Nd7 8. Nf3 c6 9. fxe5 Nxe5 10. Nxe5 fxe5 11. Bg5+ Nf6 12. O-O-O+ Ke7 13. h3 b5 14. Bb3 h6 15. Bh4 a5 16. a3 a4 17. Ba2 Be6 18. Bxe6 Kxe6 19. Bxf6 gxf6 20. Rd3 Rag8 21. g3 Rd8 22. Rhd1 Rxd3 23. Rxd3 h5 24. Ne2 Rf8 25. Rc3 Kd6 26. Rf3 Ke6 27. Rc3 Kd6 28. Rf3 Bb6 29. c4 Ba5 30. Rf5 Kc5 31. cxb5 cxb5 32. Rxh5 Kc4 33. Kc2 Rd8 34. Nc1 Rd2+ 35. Kb1 Rg2 36. Rh8 Kd4 37. b4 axb3 38. Nxb3+ Kxe4 39. Nxa5 Rxg3 40. Kb2 f5 41. Rh5 Rg6 42. Kc3 f4 43. Nb3 f3 44. Nd2+ Kf4 45. Rh4+ Kf5 46. Rh8 Ra6 47. Rf8+ Kg6 48. Kb3 Rd6 49. Nxf3 e4 50. Ne5+ Kg7 51. Re8 Rh6 52. Ng4 Rxh3+ 53. Kb4 1-0

[Event "2nd Gujarat Open 2019"]
[Site "Ahmedabad, Gujarat"]
[Date "2019.09.28"]
[Round "9.31"]
[White "Sobh, Amrou"]
[Black "Ramakrishna, Perumalla"]
[Result "0-1"]
[ECO "A80"]
[WhiteElo "2172"]
[BlackElo "1971"]
[Annotator "NA"]
[PlyCount "92"]
[EventDate "2019.09.22"]
[EventType "swiss"]
[EventCountry "IND"]
[SourceTitle "playchess.com"]
[Source "ChessBase"]
[SourceQuality "1"]
[TimeControl "5400+30"]

1. d4 f5 2. Nf3 Nf6 3. Bg5 e6 4. Nbd2 d5 5. e3 Be7 6. Bxf6 Bxf6 7. Bd3 O-O 8. c3 Nc6 9. Qc2 g6 10. O-O-O Qe7 11. h4 h5 12. Kb1 Rb8 13. Nb3 b5 14. Qe2 a6 15. Rc1 e5 16. dxe5 Nxe5 17. Nbd4 Bd7 18. Nxe5 Bxe5 19. f4 Bg7 20. Qd2 c5 21. Nc2 Qf6 22. Ne1 c4 23. Be2 b4 24. Ka1 Rfe8 25. Nf3 bxc3 26. bxc3 Qe6 27. Ne5 Bxe5 28. fxe5 Qxe5 29. Bf3 Bc6 30. Rhe1 Rb5 31. Qd4 Qe7 32. Rb1 Rxb1+ 33. Rxb1 Qxe3 34. Bxd5+ Bxd5 35. Qxd5+ Qe6 36. Qd4 a5 37. Qa7 Qe5 38. Qd4 Qxd4 39. cxd4 Re2 40. Rc1 Rxg2 41. Rxc4 f4 42. Rc3 Rd2 43. Rc6 Kf7 44. Rc7+ Kf6 45. Rd7 f3 46. Rd8 Ke7 0-1

[Event "2nd Gujarat Open 2019"]
[Site "Ahmedabad, Gujarat"]
[Date "2019.09.28"]
[Round "9.32"]
[White "Harshita Guddanti"]
[Black "Priyankara, Chamil"]
[Result "1-0"]
[ECO "B06"]
[WhiteElo "2168"]
[BlackElo "1917"]
[Annotator "NA"]
[PlyCount "45"]
[EventDate "2019.09.22"]
[EventType "swiss"]
[EventCountry "IND"]
[SourceTitle "playchess.com"]
[Source "ChessBase"]
[SourceQuality "1"]
[TimeControl "5400+30"]

1. e4 g6 2. d4 Bg7 3. Nc3 d6 4. Bg5 c5 5. dxc5 Qa5 6. Qd2 Bxc3 7. bxc3 Qxc5 8. Nf3 Nf6 9. Bd3 Nbd7 10. Bh6 b6 11. O-O Bb7 12. Rfe1 Rg8 13. Bg5 Ng4 14. a4 a6 15. h3 Nge5 16. Nxe5 dxe5 17. Red1 O-O-O 18. Qe2 f6 19. Be3 Qxc3 20. Bxa6 Nc5 21. Bxb7+ Kxb7 22. Rdb1 Ra8 23. Qb5 1-0

[Event "2nd Gujarat Open 2019"]
[Site "Ahmedabad, Gujarat"]
[Date "2019.09.28"]
[Round "9.33"]
[White "Saypuri Srithan"]
[Black "Soham Datar"]
[Result "1/2-1/2"]
[ECO "B52"]
[WhiteElo "1865"]
[BlackElo "2160"]
[Annotator "NA"]
[PlyCount "153"]
[EventDate "2019.09.22"]
[EventType "swiss"]
[EventCountry "IND"]
[SourceTitle "playchess.com"]
[Source "ChessBase"]
[SourceQuality "1"]
[TimeControl "5400+30"]

1. e4 c5 2. Nf3 d6 3. Bb5+ Bd7 4. Bxd7+ Qxd7 5. c4 Nc6 6. Nc3 g6 7. d4 cxd4 8. Nxd4 Bg7 9. Be3 Nf6 10. f3 O-O 11. O-O Rfd8 12. Nxc6 bxc6 13. Qe2 Qb7 14. Rfd1 Rab8 15. Rab1 Qa6 16. Bd4 Nd7 17. Bxg7 Kxg7 18. b3 Qa3 19. Na4 Nc5 20. Nxc5 Qxc5+ 21. Qf2 Qxf2+ 22. Kxf2 c5 23. Rd3 a5 24. Rbd1 f6 25. Ke2 Kf7 26. Kd2 a4 27. Kc2 axb3+ 28. axb3 Ra8 29. Kb2 Ra7 30. Ra1 Rxa1 31. Kxa1 Ke6 32. Rd5 Ra8+ 33. Kb2 Kd7 34. Rd1 Ke6 35. Rd5 Rc8 36. f4 h5 37. Kc3 Ra8 38. Kb2 Rg8 39. Kc3 Ra8 40. Kb2 h4 41. e5 Rh8 42. exd6 exd6 43. Kc3 Ra8 44. Kb2 Ra6 45. Kb1 Ra3 46. Kb2 Ra8 47. Rd3 Rh8 48. Kc3 Rh7 49. Rd5 Ra7 50. Kb2 Rb7 51. Kc3 Ra7 52. Kb2 Rg7 53. Kc3 Rg8 54. Kc2 Re8 55. g4 hxg3 56. hxg3 f5 57. Rd3 Kd7 58. Kd2 Rh8 59. Re3 Rh2+ 60. Kc3 Rg2 61. Kd3 Kc6 62. Kc3 Rg1 63. Kc2 Rg2+ 64. Kc3 Rg1 65. Kd3 Kb6 66. Kc3 Kc6 67. Kd3 Kd7 68. Kc3 Rb1 69. Kc2 Ra1 70. Kb2 Rf1 71. Kc3 Rf2 72. Kd3 Rh2 73. Kc3 Rh3 74. Kd3 Kc6 75. Kd2 Kb6 76. Rd3 Kc6 77. Re3 1/2-1/2

[Event "2nd Gujarat Open 2019"]
[Site "Ahmedabad, Gujarat"]
[Date "2019.09.28"]
[Round "9.34"]
[White "Sanket Chakravarty"]
[Black "Potawad Anirudhha"]
[Result "1/2-1/2"]
[ECO "A25"]
[WhiteElo "2158"]
[BlackElo "1914"]
[Annotator "NA"]
[PlyCount "92"]
[EventDate "2019.09.22"]
[EventType "swiss"]
[EventCountry "IND"]
[SourceTitle "playchess.com"]
[Source "ChessBase"]
[SourceQuality "1"]
[TimeControl "5400+30"]

1. c4 e5 2. g3 Nc6 3. Bg2 g6 4. Nc3 Bg7 5. e4 Nge7 6. Nge2 d6 7. d3 O-O 8. O-O f5 9. Be3 Be6 10. Nd5 Qd7 11. Qd2 Rab8 12. Rac1 b6 13. b4 Nd4 14. Nxd4 exd4 15. Bg5 Nc6 16. c5 Bxd5 17. exd5 Ne5 18. c6 Qc8 19. b5 a6 20. a4 axb5 21. axb5 Ra8 22. Ra1 Nf7 23. Bh4 h6 24. f4 Re8 25. Rae1 Ra3 26. Rxe8+ Qxe8 27. Re1 Qa8 28. Re7 Ra2 29. Qb4 Ra4 30. Qb2 Ra2 31. Qb4 Ra4 32. Qb2 Ra2 33. Qxa2 Qxa2 34. Rxc7 Qc2 35. Bf1 g5 36. Rb7 Qc5 37. Bh3 Qc1+ 38. Bf1 gxh4 39. Rxb6 h3 40. Rb8+ Kh7 41. b6 Qe3+ 42. Kh1 Qe1 43. Kg1 Qe3+ 44. Kh1 Qe1 45. Kg1 Qc1 46. Kh1 Qe3 {Kg2 Qf3+ Kxh3 Qe3} 1/2-1/2

[Event "2nd Gujarat Open 2019"]
[Site "Ahmedabad, Gujarat"]
[Date "2019.09.28"]
[Round "9.35"]
[White "Chauhan, Joy"]
[Black "Aradhya, Garg"]
[Result "0-1"]
[ECO "A01"]
[WhiteElo "1872"]
[BlackElo "2157"]
[Annotator "NA"]
[PlyCount "48"]
[EventDate "2019.09.22"]
[EventType "swiss"]
[EventCountry "IND"]
[SourceTitle "playchess.com"]
[Source "ChessBase"]
[SourceQuality "1"]
[TimeControl "5400+30"]

1. b3 d5 2. Bb2 c5 3. e3 Nc6 4. Bb5 f6 5. f4 e6 6. Nf3 Bd6 7. O-O Nge7 8. c4 O-O 9. Nh4 d4 10. Bxc6 Nxc6 11. e4 f5 12. g3 fxe4 13. Qe2 e5 14. f5 Be7 15. f6 Rxf6 16. Rxf6 Bxf6 17. Qxe4 Bxh4 18. gxh4 Qf6 19. d3 Bh3 20. Nd2 Rf8 21. Qe2 Ne7 22. Ne4 Qxh4 23. Ng3 Ng6 24. Re1 Nf4 0-1